Map: Lost and Found LE

Players

Harstem - Winner!

  • Race: Protoss Protoss
  • Spawn Location: 1:00

Bly

  • Race: Zerg Zerg
  • Spawn Location: 7:00

Event: WCS Montreal 2018

VOD

Have the link to the VOD?

Description

Time

  • Played on: Sept. 7, 2018, 4:05 p.m.
  • Length: 8:58

All games in this series

Show
View Real Time Build Order
Export as new Build Order

Harstem Protoss - Winner!

Build Orders: 1 Gate Expand, Oracle Opening, Phoenix Opening 

Get SALT Encoding   

  12  0:01  Probe  
  13  0:13  Probe  
  14  0:19  Pylon  
  14  0:25  Probe  
  15  0:33  Probe  
  15  0:38  Gateway  
  15  0:41  Probe  
  16  0:47  Assimilator  
  17  0:51  Probe  
  18  1:03  Probe  
  19  1:15  Probe  
  20  1:22  Nexus  
  20  1:31  Cybernetics Core  
  20  1:34  Probe  
  20  1:39  Assimilator  
  21  1:46  Probe  
  22  1:49  Pylon  
  22  1:58  Probe  
  22  1:59  Adept  
  23  2:10  Probe  
  23  2:13  Stargate  
  27  2:22  Probe  
  27  2:25  Adept  
  27  2:27  Warp Gate  
  29  2:30  Probe  
  29  2:34  Probe  
  31  2:38  Probe  
  32  2:47  Probe  
  32  2:48  Probe  
  34  2:51  Phoenix  
  34  2:59  Probe  
  34  3:00  Probe  
  38  3:05  Oracle  
  38  3:09  Gateway  
  38  3:11  Probe  
  38  3:12  Probe  
  40  3:13  Pylon  
  43  3:23  Probe  
  43  3:24  Probe  
  45  3:29  Assimilator  
  45  3:30  Gateway  
  45  3:35  Probe  
  45  3:37  Twilight Council  
  45  3:38  Probe  
  47  3:42  Adept  
  47  3:47  Probe  
  50  3:50  Pylon, Probe  
  50  3:51  Resonating Glaives  
  50  3:53  Assimilator  
  51  3:59  Probe  
  51  4:02  Pylon, Probe  
  53  4:11  Probe  
  53  4:14  Probe  
  55  4:23  Probe  
  57  4:31  Adept x3  
  57  4:34  Robotics Facility  
  57  4:35  Pylon  
  62  4:52  Adept x3  
  64  4:58  Probe  
  69  5:01  Probe  
  70  5:08  Nexus  
  70  5:12  Pylon, Adept x2  
  70  5:13  Adept  
  76  5:17  Pylon  
  76  5:21  Immortal  
  78  5:32  Gateway x2  
  78  5:33  Gateway  
  80  5:35  Sentry x2  
  80  5:36  Sentry  
  80  5:42  Gateway, Probe  
  87  5:45  Probe  
  88  5:54  Immortal, Probe  
  89  6:06  Probe  
  89  6:07  Sentry  
  82  6:24  Warp Prism  
  82  6:25  Probe  
  75  6:29  Adept  
  75  6:30  Adept  
  75  6:32  Probe x2  
  81  6:37  Probe  
  81  6:39  Sentry  
  86  6:40  Adept x3  
  86  6:43  Pylon  
  86  6:44  Probe x2  
  86  6:46  Adept, Forge  
  96  6:49  Probe  
  96  6:53  Adept, Sentry, Observer  
  101  6:56  Probe x2  
  101  6:57  Pylon  
  101  7:00  Adept x2  
  108  7:01  Probe  
  108  7:02  Adept  
  108  7:08  Probe x2  
  113  7:09  Shield Battery  
  113  7:12  Assimilator  
  113  7:20  Adept x4  
  113  7:21  Adept  
  113  7:22  Adept  
  122  7:25  Pylon  
  120  7:32  Probe x2  
  120  7:34  Photon Cannon  
  122  7:46  Adept x5  
  132  7:54  Probe  
  132  7:57  Pylon x2  
  132  8:08  Adept  
  132  8:11  Phoenix  
  126  8:15  Adept x6  
  126  8:18  Probe  
  131  8:21  Probe  
  131  8:23  Probe  
  133  8:29  Adept  
  133  8:30  Probe  
  136  8:37  Adept x5  
  136  8:38  Adept  
  146  8:42  Pylon  
  146  8:43  Assimilator  
  146  8:44  Pylon  
Show
View Real Time Build Order
Export as new Build Order

Bly Zerg 

Build Orders: Hatch First 

Get SALT Encoding   

  12  0:01  Drone  
  13  0:13  Overlord  
  13  0:18  Drone  
  14  0:32  Drone x2  
  16  0:48  Hatchery  
  15  0:50  Drone  
  15  0:55  Drone  
  17  1:00  Drone  
  18  1:09  Extractor  
  17  1:14  Spawning Pool  
  17  1:15  Drone  
  17  1:20  Drone  
  18  1:28  Drone  
  19  1:40  Drone  
  20  1:50  Overlord  
  20  2:01  Queen x2  
  20  2:02  Zergling x4  
  26  2:10  Drone  
  26  2:12  Drone  
  26  2:13  Metabolic Boost  
  28  2:32  Hatchery  
  28  2:34  Drone  
  28  2:35  Drone x2  
  30  2:43  Queen  
  32  2:49  Overlord  
  32  2:57  Drone  
  33  3:00  Extractor  
  33  3:03  Drone x3  
  36  3:06  Overlord  
  36  3:13  Drone x4  
  40  3:20  Drone  
  40  3:23  Queen  
  40  3:26  Overlord  
  43  3:29  Drone  
  44  3:39  Overlord  
  44  3:40  Lair  
  44  3:42  Overlord  
  44  3:45  Queen  
  44  3:46  Drone  
  47  3:53  Drone x4  
  47  3:55  Drone  
  52  3:57  Spore Crawler  
  52  3:58  Drone  
  52  4:03  Drone x2  
  52  4:07  Drone x2  
  52  4:09  Overlord  
  56  4:11  Extractor  
  52  4:19  Drone x4  
  56  4:24  Overlord  
  56  4:27  Zergling x8  
  56  4:30  Zergling x2  
  61  4:34  Extractor  
  61  4:36  Zergling x2  
  61  4:37  Zergling x4  
  63  4:41  Extractor  
  63  4:42  Hydralisk Den  
  60  4:49  Drone x5  
  65  4:53  Overlord  
  65  4:56  Drone x2  
  65  4:57  Drone x2  
  69  5:01  Overlord  
  69  5:03  Overlord  
  68  5:07  Drone x3  
  68  5:10  Spore Crawler  
  68  5:12  Spore Crawler  
  67  5:21  Zergling x4  
  67  5:22  Zergling x10  
  67  5:24  Zergling x4  
  77  5:28  Zergling x4  
  77  5:33  Zergling x4  
  80  5:36  Queen x2  
  80  5:38  Hydralisk  
  80  5:42  Baneling Nest  
  85  5:47  Hydralisk x3  
  84  5:57  Hydralisk x3  
  77  6:11  Hydralisk  
  77  6:12  Hydralisk x2  
  75  6:19  Drone x3  
  75  6:24  Drone x2  
  75  6:25  Drone  
  78  6:32  Drone x4  
  82  6:36  Drone  
  83  6:52  Overseer  
  83  6:56  Hatchery, Overlord  
  83  6:58  Drone x7  
  83  6:59  Drone x2  
  91  7:07  Extractor x2  
  89  7:10  Overlord  
  89  7:21  Drone x9  
  89  7:22  Grooved Spines  
  98  7:27  Overlord  
  98  7:29  Evolution Chamber  
  97  7:34  Zergling x10  
  102  7:41  Zergling x2  
  102  7:42  Zergling x6  
  106  7:45  Zergling x2  
  106  7:51  Zergling x2  
  108  7:53  Baneling x7  
  108  7:54  Baneling x2  
  96  8:08  Zergling x10  
  92  8:16  Hydralisk x2  
  85  8:20  Zergling x4  
  85  8:24  Zergling x2  
  86  8:28  Baneling x10  
  76  8:38  Zergling x2  
  76  8:39  Zergling x6  
Tags
 
Add a new tag
Caveats
  • Supply blocks, unpowered buildings, or Contaminate may cause inaccurate times.
  • Supply counts are checked every 10 seconds.